 Dungeon Crawl Stone Soup version 0.23-a0-80-gc95c2c7 (webtiles) character file.

135 Kikal the Conjurer (level 4, -4/18 HPs)
             Began as a Felid Conjurer on Aug 12, 2018.
             Slain by a centaur skeleton (7 damage)
             ... on level 5 of the Dungeon.
             The game lasted 00:14:39 (4362 turns).

Kikal the Conjurer (Felid Conjurer)                 Turns: 4362, Time: 00:14:39

Health: -4/18      AC:  1    Str:  4    XL:     4   Next: 96%
Magic:  7/10       EV: 18    Int: 17    God:
Gold:   145        SH:  0    Dex: 17    Spells: 3/10 levels left
                                        Lives:  0   Deaths: 1

rFire    . . .     SeeInvis +   (weapon unavailable)
rCold    . . .     Gourm    .   (shield unavailable)
rNeg     . . .     Faith    .   (armour unavailable)
rPois    .         Spirit   .   (helmet unavailable)
rElec    .         Reflect  .   (cloak unavailable)
rCorr    .         Harm     .   (gloves unavailable)
MR       .....                  (boots unavailable)
Stlth    +++.......             (no amulet)
HPRegen  0.06/turn              (no ring)
MPRegen  0.12/turn              (no ring)

@: quick
A: very small, no armour, no weapons or thrown items, stealth, claws 1, fangs 3,
see invisible, carnivore, speed 1, shaggy fur 1, slow metabolism 1, sharp paws
a: no special abilities


You were on level 5 of the Dungeon.
You were not hungry.

You visited 1 branch of the dungeon, and saw 4 of its levels.

You collected 145 gold pieces.

Inventory:

Wands
 k - a wand of disintegration (12)
Scrolls
 f - a scroll of identify
 i - a scroll of enchant armour {unknown}
 l - a scroll of blinking {unknown}
Potions
 a - 2 potions of heal wounds {unknown}
 c - a potion of curing {unknown}
 e - a potion of mutation {unknown}
 h - 2 potions of invisibility {unknown}
Comestibles
 b - 4 rations


   Skills:
 - Level 2.6 Dodging
 - Level 2.6 Stealth
 - Level 3.5 Spellcasting
 + Level 5.2 Conjurations
 + Level 3.9 Hexes


You had 3 spell levels left.
You knew the following spells:

 Your Spells              Type           Power        Failure   Level  Hunger
a - Magic Dart            Conj           ###.         1%          1    None
b - Searing Ray           Conj           ###...       3%          2    ##.....
c - Fulminant Prism       Conj/Hex       ###.......   26%         4    ####...

Your spell library contained the following spells:

 Spells                   Type           Power        Failure   Level  Hunger
 Confuse                  Hex            ###.....     10%         3    ###....
 Iskenderun's Mystic Bla  Conj           ###.....     19%         4    ####...
 Confusing Touch          Hex            ###...       3%          1    None
 Metabolic Englaciation   Hex/Ice        #.........   90%         5    ######.
 Petrify                  Tmut/Erth      #.......     86%         4    ####...
 Dazzling Spray           Conj/Hex       ###...       8%          3    ###....
 Force Lance              Conj/Tloc      ##......     50%         4    ####...
 Gell's Gravitas          Tloc           #.........   45%         3    ###....
 Yara's Violent Unravell  Hex/Tmut       #.........   90%         5    ######.


Dungeon Overview and Level Annotations

Branches:
Dungeon (3/15)

Altars:
Dithmenos

Shops:
D:5 *

Annotations:
D:5 Menkaure


Innate Abilities, Weirdness & Mutations

You cannot wear armour.
You are incapable of wielding weapons or throwing items.
Your paws allow you to move quietly. (Stealth)
You have sharp claws.
You have razor-sharp teeth.
You have supernaturally acute eyesight. (SInv)
You are carnivorous and can eat meat at any time.
You cover ground quickly.
You are covered in fur. (AC +1)
You have a slow metabolism.
Your sharp claws are effective at attacking unaware monsters.


Message History

The centaur skeleton completely misses you.
The orc misses you.
You now have 9/10 mp.
Aim: a centaur skeleton (heavily damaged)
The searing ray hits the centaur skeleton. (Press . to maintain the ray.)
The centaur skeleton completely misses you.
The orc closely misses you.
The centaur skeleton completely misses you.
You now have 7/10 mp.
You scratch the centaur skeleton. The centaur skeleton hits you.
The orc hits you with a club.
You take 7 damage, and have 9/18 hp.
MASSIVE DAMAGE!!
You scratch the centaur skeleton but do no damage.
The centaur skeleton completely misses you.
The orc completely misses you.
You scratch the centaur skeleton. The centaur skeleton hits you.
* * * LOW HITPOINT WARNING * * *
The centaur skeleton hits you!
You die...

##.≈≈≈≈.####
..≈.≈≈≈.#..
##..≈≈..#.#
#....P.#.###.#
#.###...S....#
..
####Z##..... .
#Z# ..#
#Z##...##
#@o......
#####.###


You could see an adder, an orc, a quokka zombie, a water moccasin skeleton and a
centaur skeleton.

Vanquished Creatures
  An orc priest (D:5)
  A bullfrog skeleton (D:5)
  An iguana (D:2)
  A worker ant (D:5)
  An orc wizard (D:3)
  A hound zombie (D:5)
  A howler monkey zombie (D:5)
  2 adders
  An ooze (D:5)
  2 adder skeletons (D:5)
  2 worms (D:3)
  2 dart slugs (D:2)
  3 leopard geckos
  8 orcs
  2 giant cockroaches
  5 goblins
  3 hobgoblins
  5 jackals
  A ball python (D:1)
  3 bats
  3 frilled lizards
  6 kobolds
  A leopard gecko zombie (D:5)
  A quokka skeleton (D:5)
  10 rats
67 creatures vanquished.

Vanquished Creatures (others)
  3 fulminant prisms (D:5)
3 creatures vanquished.

Grand Total: 70 creatures vanquished

Notes
Turn   | Place    | Note
-------+----------+-------------------------------------------
     0 | D:1      | Kikal the Felid Conjurer began the quest for the Orb.
     0 | D:1      | Reached XP level 1. HP: 7/7 MP: 4/4
   900 | D:2      | Noticed an iguana
   925 | D:2      | Reached XP level 2. HP: 11/11 MP: 6/6
   932 | D:2      | Learned a level 2 spell: Searing Ray
  1187 | D:2      | Reached skill level 4 in Conjurations
  1310 | D:2      | Reached XP level 3. HP: 8/14 MP: 0/8
  2088 | D:3      | Reached skill level 3 in Spellcasting
  2584 | D:3      | Found a shadowy altar of Dithmenos.
  2690 | D:3      | Reached XP level 4. HP: 18/18 MP: 1/9
  3183 | D:2      | Learned a level 4 spell: Fulminant Prism
  3315 | D:2      | Reached skill level 1 in Hexes
  3636 | D:3      | You fall through a shaft for 2 floors!
  3636 | D:5      | Entered Level 5 of the Dungeon
  3643 | D:5      | Reached skill level 2 in Hexes
  3643 | D:5      | Reached XP level 5. HP: 11/21 MP: 2/11
  3859 | D:5      | Noticed an ice beast
  4082 | D:5      | Reached skill level 5 in Conjurations
  4082 | D:5      | Reached skill level 3 in Hexes
  4194 | D:5      | Noticed Menkaure
  4243 | D:5      | Found Wanul's Assorted Antiques.
  4341 | D:5      | Killed from afar by an orc priest
  4342 | D:5      | Reached XP level 4. HP: -10/18 MP: 5/10
  4362 | D:5      | Slain by a centaur skeleton

Vault maps used:
D:1:      minmay_arrival_three_doors
D:2:      grunt_ministairs_3
D:3:      first_ration, hex_large, nicolae_dithmenos_shadow_blocks
D:5:      overflow_temple_1_default, serial_undead, serial_undead_f,
          serial_undead_c, serial_undead_b, serial_undead_b, serial_undead_e,
          serial_shops, shop, uniq_menkaure

Skill      XL: |  1  2  3  4  5 |
---------------+----------------+-----
Conjurations   | 4 5 |  5.2
Spellcasting   | 3 |  3.5
Hexes          | 2 3 |  3.9
Dodging        | |  2.6
Stealth        | |  2.6

Action                   |  1- 3 |  4- 6 || total
-------------------------+-------+-------++-------
Melee: Unarmed           |    52 |    47 ||    99
       Bite              |     1 |     4 ||     5
 Cast: Magic Dart        |    92 |    50 ||   142
       Searing Ray       |     2 |     9 ||    11
       Fulminant Prism   |       |     3 ||     3
  Use: Scroll            |     5 |     1 ||     6
 Stab: Sleeping          |     4 |       ||     4
       Distracted        |     1 |       ||     1
  Eat: Chunk             |    11 |     4 ||    15
Armor: Skin              |     5 |     6 ||    11
Dodge: Dodged            |    58 |    75 ||   133

Table legend:
 A = Non-vault XP
 B = Vault XP
 C = Vault XP percentage of total XP
 D = Non-vault monster count
 E = Vault monster count
 F = Vault count percentage of total count
 G = Total turns spent on level
                 A         B        C        D         E       F
            +---------+---------+-------+---------+---------+-------
      Total |     311 |      64 |  17.1 |      62 |       5 |   7.5
            +---------+---------+-------+---------+---------+-------
        D:1 |       5 |       0 |   0.0 |       5 |       0 |   0.0
        D:2 |      86 |       3 |   3.4 |      23 |       2 |   8.0
        D:3 |      90 |       0 |   0.0 |      23 |       0 |   0.0
        D:5 |     130 |      61 |  31.9 |      11 |       3 |  21.4
            +---------+---------+-------+---------+---------+-------
